 Dungeon Sprint DCSS version 0.31-a0-339-gda1cbd555d (webtiles) character file.

Game seed: 16109873176046807948

9600000 Monkooky the Axe Maniac (level 27, -103/199 HPs)
             Began as a Kobold Warper on July 20, 2023.
             Was the Champion of Makhleb.
             Annihilated by a sculptor of flesh
             ... wielding a +9 great sword
              (176 damage)
             ... in the Dungeon (Sprint VIII: "Arena of Blood").
             The game lasted 00:03:23 (96 turns).

Monkooky the Axe Maniac (Kobold Warper)               Turns: 96, Time: 00:03:23

Health: -103/199   AC:  6    Str:  8    XL:     27
Magic:  35/54      EV: 41    Int: 18    God:    Makhleb [******]
Gold:   0          SH:  0    Dex: 25    Spells: 80/80 levels left

rFire   . . .        j - +∞ Axe of Woe
rCold   . . .        (shield currently unavailable)
rNeg    . . .        b - +0 leather armour
rPois   .            (no helmet)
rElec   .            (no cloak)
rCorr   .            (no gloves)
SInv    .            (no boots)
Will    ++...        (no amulet) Stlth *+++++++++
                     (no ring)
HPRegen 0.53/turn    (no ring)
MPRegen 0.34/turn

%: no teleportation
@: no status effects
A: small, no large weapons, nightstalker 3
a: Renounce Religion, Minor Destruction, Lesser Servant of Makhleb, Major
Destruction, Greater Servant of Makhleb


You were in the Dungeon.
You worshipped Makhleb.
Makhleb was exalted by your worship.
You visited 1 branch

Inventory:

Hand Weapons
 a - a +0 hand axe
 j - the +∞ Axe of Woe (weapon)
   (You found it in the Dungeon)
Missiles
 d - 7 boomerangs of dispersal (quivered)
Armour
 b - a +0 leather armour (worn)
Jewellery
 k - a +30 ring of slaying
 l - a +30 ring of slaying
 m - a +30 ring of slaying
Scrolls
 c - 2 scrolls of blinking
Potions
 e - a potion of curing
 f - a potion of heal wounds
 g - a potion of haste
 h - 2 potions of magic
 i - a potion of berserk rage


   Skills:
 O Level 27 Fighting
 + Level 26.0(27) Short Blades
 + Level 16.3(19.5) Long Blades
 O Level 27 Axes
 O Level 27 Maces & Flails
 O Level 27 Polearms
 + Level 17.7(27) Staves
 + Level 26.0 Ranged Weapons
 O Level 27 Throwing
 O Level 27 Armour
 O Level 27 Dodging
 O Level 27 Stealth
 + Level 17.7 Shields
 O Level 27 Unarmed Combat
 O Level 27 Spellcasting
 + Level 20.7 Conjurations
 + Level 20.7 Hexes
 + Level 20.7 Summonings
 + Level 20.8 Necromancy
 O Level 27 Translocations
 + Level 20.7 Transmutations
 + Level 20.8 Fire Magic
 + Level 20.8 Ice Magic
 + Level 20.7 Air Magic
 + Level 20.7 Earth Magic
 + Level 20.8 Poison Magic
 O Level 27 Invocations
 + Level 24.2 Evocations
 + Level 17.7 Shapeshifting


You had 80 spell levels left.
You didn't know any spells.
Your spell library contained the following spells:

 Spells                   Type           Power      Damage    Failure   Level
 Blink                    Tloc           100%       N/A       0%          2
 Lesser Beckoning         Tloc           100%       N/A       0%          2
 Teleport Other           Tloc           88%        N/A       0%          3
 Vhi's Electric Charge    Tloc/Air       100%       N/A       0%          3
 Manifold Assault         Tloc           88%        N/A       0%          4


Dungeon Overview and Level Annotations

Branches:
Dungeon (1/1)

Altars:
Makhleb

Annotations:
D The Servant


Innate Abilities, Weirdness & Mutations

You are small and have problems with some larger weapons.
You are completely attuned to the shadows.


Message History

Your Conjurations skill increases to level 20!
Your Hexes skill increases to level 20!
Your Summonings skill increases to level 20!
Your Necromancy skill increases to level 20!
Your Transmutations skill increases to level 20!
Your Fire Magic skill increases to level 20!
Your Ice Magic skill increases to level 20!
Your Air Magic skill increases to level 20!
Your Earth Magic skill increases to level 20!
Your Poison Magic skill increases to level 20!
Your Evocations skill increases to level 24!
Your Shapeshifting skill increases to level 17!
You swap places.
You hear a shout! x5
The bag of meat is engulfed in blazing flames. x2
You hear a shout! x2
Your blizzard demon is engulfed in blazing flames.
Your blizzard demon waves its arms in wide circles.
You hear a shout! x2
The accursed gestures at you while chanting.
Something smites you!
You hear a shout! x5
The tyrant casts a spell.
k - a +30 ring of slaying;
l - a +30 ring of slaying;
m - a +30 ring of slaying
Items here: ))) †.
You hear a shout! x6
The bag of meat is engulfed in blazing flames.
The bag of meat hits your blizzard demon with a +9 war axe! x2
The bag of meat is engulfed in blazing flames.
The bag of meat hits your blizzard demon with a +9 war axe!
Your blizzard demon dies!
Your blizzard demon disappears in a puff of smoke!
The eight-headed meat hydra calls on the powers of darkness!
The eight-headed meat hydra convulses!
The bag of meat convulses! x3
Your body is wracked with pain!
The bag of meat convulses!
You hear a shout!
The accursed misses you.
The sculptor of flesh hits you with a +9 great sword!!!!!
Ouch! That really hurt!
You die...

#.. ..# ....V§.
...###............o###
...._@..........V..LX.
#.....#.......#§#XX..
#_.<._#))..))..)oo§..
.#.....#.)))))#M#§#§.
...._)§)§))..)))@)ooo.
...###)☼)○)....#z#o#..
#...)).§###).......D.#
#...).).# ...........
#.......# ..........
.......... ....
.......... .........


You could see an accursed, a tentacled monstrosity (summoned), a tyrant, an
eight-headed meat hydra, a sculptor of flesh, 2 large abominations and 6 bags of
meat.

Vanquished Creatures
  3 hell beasts (D)
  A royal mummy (D)
  A great orb of eyes (D)
  6 vampire knights (D)
  19 ogres (D)
  2 two-headed ogres (D)
  5 liches (D)
  A hydra (D)
  2 phantoms (D)
  41 orcs (D)
  4 skeletal warriors (D)
85 creatures vanquished.

Notes
Turn   | Place    | Note
-------+----------+-------------------------------------------
     0 | D        | Found the +∞ Axe of Woe
     0 | D        | Monkooky the Kobold Warper began the quest for the Orb.
     0 | D        | Reached XP level 1. HP: 12/12 MP: 3/3
     3 | D        | Became a worshipper of Makhleb the Destroyer
     4 | D        | Noticed a bag of meat
     5 | D        | Noticed a meat berserker
     7 | D        | Noticed a bag of meat
     9 | D        | Killed a meat berserker
    10 | D        | Reached XP level 2. HP: 17/17 MP: 5/5
    10 | D        | Reached XP level 3. HP: 21/21 MP: 6/6
    10 | D        | Reached XP level 4. HP: 26/26 MP: 7/7
    10 | D        | Reached XP level 5. HP: 30/30 MP: 8/8
    10 | D        | Reached XP level 6. HP: 35/35 MP: 9/9
    10 | D        | Reached XP level 7. HP: 40/40 MP: 10/10
    10 | D        | Reached XP level 8. HP: 44/44 MP: 11/11
    10 | D        | Reached XP level 9. HP: 48/48 MP: 12/12
    10 | D        | Reached XP level 10. HP: 53/53 MP: 13/13
    10 | D        | Reached XP level 11. HP: 57/57 MP: 14/14
    10 | D        | Reached XP level 12. HP: 62/62 MP: 15/15
    10 | D        | Killed a bag of meat
    10 | D        | Reached * piety under Makhleb
    11 | D        | Reached XP level 13. HP: 66/66 MP: 16/16
    12 | D        | Killed a bag of meat
    13 | D        | Reached skill level 27 in Axes
    13 | D        | Noticed a bag of meat
    18 | D        | Killed a bag of meat
    19 | D        | Reached XP level 14. HP: 20/72 MP: 17/17
    19 | D        | Noticed a bag of meat
    19 | D        | Noticed a bag of meat
    20 | D        | Noticed a destroyer
    20 | D        | Noticed a meat berserker
    21 | D        | Killed a destroyer
    21 | D        | Reached ** piety under Makhleb
    21 | D        | Killed a bag of meat
    21 | D        | Killed a bag of meat
    22 | D        | Reached skill level 27 in Stealth
    22 | D        | Reached skill level 15 in Invocations
    22 | D        | Reached XP level 15. HP: 60/95 MP: 17/26
    24 | D        | Killed a meat berserker
    24 | D        | Reached *** piety under Makhleb
    25 | D        | Reached XP level 16. HP: 95/104 MP: 17/29
    26 | D        | Noticed a meat berserker
    28 | D        | Killed a meat berserker
    28 | D        | Noticed a destroyer
    29 | D        | Reached skill level 15 in Fighting
    29 | D        | Noticed a meat berserker
    29 | D        | Noticed The Servant
    30 | D        | Noticed a destroyer
    31 | D        | Killed a meat berserker
    31 | D        | Killed a destroyer
    31 | D        | Reached **** piety under Makhleb
    32 | D        | Reached skill level 27 in Invocations
    32 | D        | Reached XP level 17. HP: 122/122 MP: 18/34
    33 | D        | Noticed a sculptor of flesh
    33 | D        | Killed a destroyer
    34 | D        | Reached skill level 27 in Dodging
    34 | D        | Reached XP level 18. HP: 141/141 MP: 19/35
    36 | D        | Reached skill level 27 in Fighting
    36 | D        | Reached skill level 1 in Armour
    36 | D        | Reached skill level 5 in Translocations
    36 | D        | Killed a sculptor of flesh
    36 | D        | Reached ***** piety under Makhleb
    36 | D        | Noticed a large bag of meat
    36 | D        | Noticed a meat berserker
    37 | D        | Reached skill level 10 in Translocations
    37 | D        | Noticed a meat berserker
    39 | D        | Killed a meat berserker
    39 | D        | Noticed a meat berserker
    41 | D        | Killed a meat berserker
    42 | D        | Reached skill level 5 in Armour
    42 | D        | Reached XP level 19. HP: 101/151 MP: 20/36
    42 | D        | Noticed a sculptor of flesh
    42 | D        | Killed a large bag of meat
    42 | D        | Noticed a destroyer
    43 | D        | Reached skill level 15 in Spellcasting
    43 | D        | Killed a meat berserker
    43 | D        | Noticed a meat berserker
    45 | D        | Killed a destroyer
    46 | D        | Reached skill level 10 in Armour
    46 | D        | Reached skill level 27 in Translocations
    46 | D        | Reached XP level 20. HP: 71/157 MP: 21/47
    47 | D        | Noticed a tyrant
    48 | D        | Killed a meat berserker
    48 | D        | Noticed a meat berserker
    49 | D        | Noticed a tyrant
    50 | D        | Killed a meat berserker
    50 | D        | Reached ****** piety under Makhleb
    51 | D        | Reached skill level 27 in Spellcasting
    51 | D        | Noticed a meat berserker
    52 | D        | Reached XP level 21. HP: 100/163 MP: 23/52
    53 | D        | Killed a tyrant
    54 | D        | Reached skill level 27 in Armour
    55 | D        | Killed a tyrant
    55 | D        | Noticed a meat berserker
    56 | D        | Reached XP level 22. HP: 169/169 MP: 24/53
    56 | D        | Killed a meat berserker
    57 | D        | Noticed a destroyer
    58 | D        | Killed a meat berserker
    58 | D        | Noticed a meat berserker
    59 | D        | Reached skill level 27 in Throwing
    59 | D        | Noticed a tyrant
    60 | D        | Killed a destroyer
    61 | D        | Noticed a tyrant
    62 | D        | Killed a meat berserker
    62 | D        | Noticed a meat berserker
    63 | D        | Reached XP level 23. HP: 94/175 MP: 26/54
    67 | D        | Noticed a destroyer
    68 | D        | Killed a tyrant
    69 | D        | Reached XP level 24. HP: 118/181 MP: 27/54
    69 | D        | Killed a destroyer
    71 | D        | Reached skill level 27 in Unarmed Combat
    72 | D        | Reached skill level 27 in Maces & Flails
    74 | D        | Reached skill level 27 in Polearms
    74 | D        | Reached skill level 1 in Long Blades
    74 | D        | Reached skill level 1 in Staves
    74 | D        | Reached skill level 1 in Shields
    74 | D        | Reached skill level 1 in Shapeshifting
    74 | D        | Noticed a tyrant
    75 | D        | Reached skill level 5 in Short Blades
    75 | D        | Reached skill level 5 in Ranged Weapons
    75 | D        | Reached skill level 5 in Evocations
    75 | D        | Reached XP level 25. HP: 187/187 MP: 29/54
    76 | D        | Reached skill level 5 in Conjurations
    76 | D        | Reached skill level 5 in Hexes
    76 | D        | Reached skill level 5 in Summonings
    76 | D        | Reached skill level 5 in Necromancy
    76 | D        | Reached skill level 5 in Transmutations
    76 | D        | Reached skill level 5 in Fire Magic
    76 | D        | Reached skill level 5 in Ice Magic
    76 | D        | Reached skill level 5 in Air Magic
    76 | D        | Reached skill level 5 in Earth Magic
    76 | D        | Reached skill level 5 in Poison Magic
    76 | D        | Noticed a meat beast
    76 | D        | Noticed a meat beast
    77 | D        | Reached skill level 5 in Staves
    77 | D        | Reached skill level 5 in Shields
    77 | D        | Reached skill level 5 in Shapeshifting
    78 | D        | Killed a tyrant
    78 | D        | Killed a meat beast
    79 | D        | Reached skill level 10 in Conjurations
    79 | D        | Reached skill level 10 in Hexes
    79 | D        | Reached skill level 10 in Summonings
    79 | D        | Reached skill level 10 in Necromancy
    79 | D        | Reached skill level 10 in Transmutations
    79 | D        | Reached skill level 10 in Fire Magic
    79 | D        | Reached skill level 10 in Ice Magic
    79 | D        | Reached skill level 10 in Air Magic
    79 | D        | Reached skill level 10 in Earth Magic
    79 | D        | Reached skill level 10 in Poison Magic
    79 | D        | Reached XP level 26. HP: 193/193 MP: 30/54
    80 | D        | Killed a meat beast
    81 | D        | Reached skill level 10 in Long Blades
    81 | D        | Reached skill level 15 in Evocations
    83 | D        | Reached XP level 27. HP: 199/199 MP: 31/54
    85 | D        | Noticed a destroyer
    86 | D        | Reached skill level 15 in Conjurations
    86 | D        | Reached skill level 15 in Hexes
    86 | D        | Reached skill level 15 in Summonings
    86 | D        | Reached skill level 15 in Necromancy
    86 | D        | Reached skill level 15 in Transmutations
    86 | D        | Reached skill level 15 in Fire Magic
    86 | D        | Reached skill level 15 in Ice Magic
    86 | D        | Reached skill level 15 in Air Magic
    86 | D        | Reached skill level 15 in Earth Magic
    86 | D        | Reached skill level 15 in Poison Magic
    86 | D        | Killed a tyrant
    88 | D        | Noticed a large bag of meat
    90 | D        | Noticed a meat beast
    91 | D        | Noticed an accursed
    91 | D        | Killed an accursed
    92 | D        | Reached skill level 15 in Staves
    92 | D        | Reached skill level 15 in Shields
    92 | D        | Reached skill level 15 in Shapeshifting
    92 | D        | Noticed an accursed
    92 | D        | Killed a meat beast
    93 | D        | Reached skill level 15 in Long Blades
    94 | D        | Killed a large bag of meat
    94 | D        | Noticed a tyrant
    96 | D        | Annihilated by a sculptor of flesh

Illustrated notes

Levels and vault maps discovered:
D:        meatsprint

Skill      XL: |  1  2  3  4  5  6  7  8  9 10 11 12 13 14 15 16 17 18 19 20 21 22 23 24 25 26 27 |
---------------+----------------------------------------------------------------------------------+-----
Axes           | 24 26 27 | 27.0
Stealth        | 20 27 | 27.0
Fighting       | 11 13 19 25 27 | 27.0
Dodging        | 11 14 21 27 | 27.0
Invocations    | 15 19 27 | 27.0
Armour         | 5 10 19 27 | 27.0
Spellcasting   | 12 23 27 | 27.0
Translocations | 19 27 | 27.0
Throwing       | 20 27 | 27.0
Maces & Flails | 17 23 27 | 27.0
Polearms       | 16 21 27 | 27.0
Unarmed Combat | 18 24 27 | 27.0
Short Blades   | 5 13 17 26 | 26.0
Long Blades    | 3 8 10 16 | 16.3
Staves         | 3 9 11 17 | 17.7
Ranged Weapons | 5 13 17 26 | 26.0
Shields        | 3 9 11 17 | 17.7
Conjurations   | 4 10 13 20 | 20.7
Hexes          | 4 10 13 20 | 20.7
Summonings     | 4 10 13 20 | 20.7
Necromancy     | 4 10 13 20 | 20.8
Transmutations | 4 10 13 20 | 20.7
Fire Magic     | 4 10 13 20 | 20.8
Ice Magic      | 4 10 13 20 | 20.8
Air Magic      | 4 10 13 20 | 20.7
Earth Magic    | 4 10 13 20 | 20.7
Poison Magic   | 4 10 13 20 | 20.8
Evocations     | 5 12 16 24 | 24.2
Shapeshifting  | 3 9 11 17 | 17.7

Action                     |  1- 3 |  4- 6 |  7- 9 | 10-12 | 13-15 | 16-18 | 19-21 | 22-24 | 25-27 || total
---------------------------+-------+-------+-------+-------+-------+-------+-------+-------+-------++-------
  Melee: Broad axe         |     1 |       |       |     1 |     4 |     8 |    10 |    14 |    15 ||    53
 Invoke: Greater Servant o |       |       |       |       |       |     1 |       |       |     1 ||     2
         Lesser Servant of |       |       |       |       |       |     1 |       |       |       ||     1
   Stab: Distracted        |       |       |       |       |       |       |       |       |     1 ||     1
  Dodge: Dodged            |       |       |       |       |     1 |     1 |       |       |     4 ||     6

Table legend: (Time is in decaauts)
 A = Elapsed time spent in this place.
 B = Non-inter-level travel time spent in this place.
 C = Inter-level travel time spent in this place.
 D = Time resting spent in this place.
 E = Time spent auto-exploring this place.
 F = Levels seen in this place.
 G = Mean time per level.
                   A        B        C        D        E       F      G
               +--------+--------+--------+--------+--------+-----+--------+
         Total |     80 |     80 |      0 |      0 |      0 |   1 |   80.0 |
       Dungeon |     80 |     80 |      0 |      0 |      0 |   1 |   80.0 |
               +--------+--------+--------+--------+--------+-----+--------+

Top non-repeatable levels by time:
       D: 80 daAuts
